 Dungeon Crawl Stone Soup version 0.27.1-4-g1640c2035a (webtiles) character file.

Game seed: 7788696919434867449

46606 jjjjhere the Severer (level 14, -1/138 HPs)
             Began as a Minotaur Berserker on Nov 9, 2021.
             Was a High Priest of Trog.
             Slain by an elephant (5 damage)
             ... on level 6 of the Lair of Beasts on Nov 10, 2021.
             The game lasted 00:29:58 (23615 turns).

jjjjhere the Severer (Minotaur Berserker)          Turns: 23615, Time: 00:29:59

Health: -1/138     AC: 20    Str: 24    XL:     14   Next: 5%
Magic:  13/13      EV: 15    Int:  4    God:    Trog [*****.]
Gold:   1462       SH:  5    Dex: 13    Spells: 13/13 levels left

rFire    . . .     SeeInvis .   l - +1 whip (elec)
rCold    . . .     Faith    .   r - +0 buckler
rNeg     . . .     Spirit   .   g - +0 plate armour
rPois    +         Reflect  .   (helmet restricted)
rElec    .         Harm     .   (no cloak)
rCorr    .         Rampage  .   j - +0 pair of gloves
Will     +++..                  N - +2 pair of boots
Stlth    ..........             P - amulet of magic regeneration
HPRegen  1.33/turn              f - ring of poison resistance
MPRegen  0.38/turn              S - +4 ring of evasion

@: brilliant, lethally poisoned (-1 -> -14), strong-willed (expiring),
regenerating (expiring), very slow
A: horns 2, retaliatory headbutt
a: Renounce Religion, Berserk, Trog's Hand, Brothers in Arms


You were on level 6 of the Lair of Beasts.
You worshipped Trog.
Trog was extremely pleased with you.
You visited 2 branches of the dungeon, and saw 18 of its levels.

You collected 1462 gold pieces.

Inventory:

Hand Weapons
 a - a +0 hand axe
 l - a +1 whip of electrocution (weapon)
 C - a +1 flail of holy wrath
 J - a +1 mace of draining
 V - a +0 broad axe
 X - a +1 antimagic executioner's axe
Missiles
 I - 25 poisoned darts (quivered)
Armour
 g - a +0 plate armour (worn)
 j - a +0 pair of gloves (worn)
 r - a +0 buckler (worn)
 w - a +0 kite shield
 N - a +2 pair of boots (worn)
 Q - +0 swamp dragon scales
Jewellery
 f - a ring of poison resistance (left hand)
 v - a ring of fire
 y - a ring of willpower
 P - an amulet of magic regeneration (around neck)
 R - the ring "Qilafoo" {rPois Will+ Str-4 Int+8}
   (You found it on level 4 of the Lair of Beasts)

   [ring of willpower]

   Str:       It affects your strength (-4).
   Int:       It affects your intelligence (+8).
   rPois:     It protects you from poison.
   Will:      It increases your willpower.
 S - a +4 ring of evasion (right hand)
Wands
 c - a wand of mindburst (12)
 A - a wand of iceblast (18)
 B - a wand of charming (18)
 G - a wand of polymorph (7)
 M - a wand of flame (37)
 T - a wand of acid (10)
Scrolls
 d - 3 scrolls of teleportation
 e - a scroll of immolation {unknown}
 i - 3 scrolls of fog {unknown}
 m - 6 scrolls of magic mapping
 n - 2 scrolls of enchant weapon {unknown}
 t - 3 scrolls of fear {unknown}
 x - a scroll of summoning {unknown}
 z - 3 scrolls of noise {unknown}
 O - 4 scrolls of amnesia {unknown}
 U - a scroll of vulnerability {unknown}
 W - a scroll of silence {unknown}
Potions
 b - a potion of haste
 h - 6 potions of attraction
 o - 4 potions of lignification
 p - a potion of experience {unknown}
 q - 2 potions of ambrosia
 s - a potion of curing {unknown}
 u - a potion of berserk rage
 D - 2 potions of magic
 E - a potion of brilliance
 F - 2 potions of might
 H - 4 potions of resistance
 K - a potion of flight {unknown}
 L - a potion of mutation {unknown}


   Skills:
 + Level 16.4 Fighting
 + Level 16.5 Axes
 + Level 12.3 Armour
 - Level 10.4 Dodging
 - Level 4.0 Shields


You had 13 spell levels left.
You didn't know any spells.
Your spell library was empty.

Dungeon Overview and Level Annotations

Branches:
Dungeon (12/15)            Temple (0/1) D:7            Lair (6/6) D:8
 Shoals (0/4) Lair:4        Snake (0/4) Lair:3
  Slime: Lair:5-6       Orc: D:9-12

Altars:
Ashenzari
Cheibriados
Elyvilon
Fedhas
Makhleb
Okawaru
Qazlal
Ru
Sif Muna
Vehumet
Xom
Yredelemnul
Zin

Shops:
D:1 *   D:2 [   D:6 *

Annotations:
D:4 3 runed translucent doors, TigerRab's ghost, novice HuCj
D:5 3 runed translucent doors, Icepheonix32's ghost, novice DsTm
D:6 3 runed translucent doors, Ekaitz's ghost, novice DsFE
Lair:5 exclusion: oklob plant


Innate Abilities, Weirdness & Mutations

You have a pair of horns on your head.
You reflexively headbutt those who attack you in melee.


Message History

The wolf barely misses you.
The wolf bites the plant!
The elephant is engulfed in calcifying dust.
The catoblepas breathes a plume of calcifying dust at you.
The blast of calcifying dust hits you but does no damage.
The blast of calcifying dust hits the plant!
A steam dragon comes into view.
You are engulfed in calcifying dust.
Your surroundings suddenly seem different. 2 elephants come into view.
The elephant tramples you but does no damage.
The elephant trunk-slaps you but does no damage.
You feel the effects of Trog's Hand fading.
The elephant tramples you but does no damage.
The elephant trunk-slaps you but does no damage.
The elephant tramples you!
* * * LOW HITPOINT WARNING * * *
You are shoved backwards!
A rime drake comes into view.
The elephant tramples you!
* * * LOW HITPOINT WARNING * * *
You are shoved backwards!
Splash!
You fall into the shallow water.
Moving in this stuff is going to be slow.
The rime drake hisses angrily.
The elephant tramples you but does no damage.
The elephant trunk-slaps you but does no damage.
The elephant tramples you but does no damage.
The elephant trunk-slaps you but does no damage.
A polar bear comes into view.
You turn to flesh and can move again.
Unknown command.
Unknown command.
It was a potion of brilliance.
You feel clever all of a sudden.
* * * LOW HITPOINT WARNING * * *
You feel extremely sick.
The polar bear growls angrily.
You hear a shout!
You block the elephant's attack. x2; The elephant tramples you.
You die... ##.... ≈P≈ #≈.. #.YyY. h≈≈ ≈.. ##.YhYY

≈≈≈≈ ≈.. #..hh§P
≈≈≈≈ #..
#..♣♣♣PhY
###≈≈##.# .P
♣♣YY ≈≈≈≈≈k≈.##
... .Y.
≈≈≈.≈≈≈≈≈# ....
.P. # #@.# .....
....
#≈.≈#YY##......
.... ≈.
.≈≈.≈≈≈.......#
..... P
.##≈.≈≈.........
# ##
..≈#.#..........
#..# .P
#............ ..
## .
#....####.PP. #.
.....## ###P
.######.#
.......##


You could see 2 elephants, a polar bear and a rime drake.

Vanquished Creatures
  9 hydras
  A boulder beetle (D:11)
  4 two-headed ogres
  An alligator (Lair:4)
  A lindwurm (Lair:3)
  2 swamp dragons (Lair:4)
  An orb spider (shapeshifter) (D:11)
  A manticore (D:11)
  9 elephants
  9 black mambas
  A merfolk siren (Lair:4)
  14 cane toads
  Psyche (D:10)
  2 rime drakes (Lair:3)
  5 komodo dragons
  3 trolls
  3 tyrant leeches (Lair:4)
  3 polar bears
  2 hornets
  5 dream sheep
  22 blink frogs
  40 yaks
  A wraith (D:9)
  2 wyverns
  2 steam dragons
  6 basilisks
  20 water moccasins
  4 swamp worms (Lair:4)
  An acid dragon (D:10)
  5 orc warriors
  A sky beast (D:6)
  2 necrophages
  5 ice beasts
  A wolf (D:8)
  2 ogres
  6 centaurs
  15 bullfrogs
  Blork the orc (D:4)
  3 gnoll sergeants
  2 scorpions
  2 killer bees (D:10)
  5 wights (D:9)
  5 electric eels
  A crimson imp (D:7)
  3 hounds
  2 centaur zombies
  7 orc priests
  A jelly (D:7)
  2 bullfrog skeletons (D:6)
  Natasha (thrice) (D:4)
  4 iguanas
  8 orc wizards
  A killer bee zombie (D:7)
  A mummy (D:3)
  A howler monkey zombie (D:8)
  16 gnolls
  11 adders
  2 shadow imps
  A white imp (D:6)
  An ufetubus (D:6)
  2 dart slugs
  34 orcs
  5 ball pythons
  5 bats
  3 endoplasms
  2 giant cockroaches
  9 goblins
  6 hobgoblins
  4 jackals (D:2)
  8 kobolds
  A quokka (D:5)
  2 rats
  A spectral orc (D:4)
  A bush (D:10)
378 creatures vanquished.

Vanquished Creatures (others)
  A swamp worm (Lair:4)
  A killer bee (D:10)
  28 fungi
  73 plants
103 creatures vanquished.

Grand Total: 481 creatures vanquished

Notes
Turn   | Place    | Note
-------+----------+-------------------------------------------
     0 | D:1      | jjjjhere the Minotaur Berserker began the quest for the
                  | Orb.
     0 | D:1      | Reached XP level 1. HP: 19/19 MP: 0/0
   205 | D:1      | Reached XP level 2. HP: 27/27 MP: 1/1
   269 | D:1      | Found Obaerr's Assorted Antiques.
   605 | D:2      | Reached ** piety under Trog
   606 | D:2      | Reached XP level 3. HP: 33/33 MP: 2/2
   952 | D:2      | Found Masiakav's Armour Shop.
   970 | D:2      | Reached skill level 5 in Axes
   976 | D:2      | Found a radiant altar of Vehumet.
  1139 | D:3      | Found an iron altar of Okawaru.
  1211 | D:3      | Found a faded altar of an unknown god.
  1489 | D:3      | Reached XP level 4. HP: 36/41 MP: 3/3
  1618 | D:3      | Found a snail-covered altar of Cheibriados.
  2025 | D:3      | HP: 17/61 [orc priest/divine providence (12)]
  2027 | D:3      | Reached XP level 5. HP: 19/47 MP: 4/4
  2028 | D:3      | HP: 6/70 [gnoll (7)]
  2030 | D:3      | Reached skill level 5 in Fighting
  2559 | D:4      | Noticed Blork the orc
  2566 | D:4      | Killed Blork the orc
  2567 | D:4      | Reached XP level 6. HP: 56/56 MP: 5/5
  2686 | D:4      | Found a runed translucent gate.
  2686 | D:4      | Found a runed translucent gate.
  2686 | D:4      | Found a runed translucent gate.
  2687 | D:4      | Noticed TigerRab's ghost (novice HuCj)
  2773 | D:4      | Reached *** piety under Trog
  2970 | D:4      | Found a basalt altar of Yredelemnul.
  3000 | D:4      | Found a shimmering blue altar of Sif Muna.
  3037 | D:4      | Noticed Natasha
  3046 | D:4      | Killed Natasha
  3072 | D:4      | Noticed Natasha
  3078 | D:4      | Killed Natasha
  3164 | D:5      | Entered Level 5 of the Dungeon
  3302 | D:4      | Noticed Natasha
  3308 | D:4      | Killed Natasha
  3565 | D:5      | Identified the +1 robe of Death's Door {*Slow Will+ SInv}
  3647 | D:5      | Reached skill level 1 in Shields
  3647 | D:5      | Reached XP level 7. HP: 63/63 MP: 6/6
  4100 | D:5      | Noticed Icepheonix32's ghost (novice DsTm)
  4109 | D:5      | Found a runed translucent gate.
  4109 | D:5      | Found a runed translucent gate.
  4111 | D:5      | Found a runed translucent gate.
  4340 | D:5      | Noticed a steam dragon
  4347 | D:5      | Killed a steam dragon
  4704 | D:6      | Reached XP level 8. HP: 73/73 MP: 7/7
  4946 | D:6      | Reached skill level 10 in Axes
  5379 | D:6      | Found a runed translucent gate.
  5379 | D:6      | Found a runed translucent gate.
  5380 | D:6      | Found a runed translucent gate.
  5389 | D:6      | Noticed a two-headed ogre
  5393 | D:6      | Noticed Ekaitz's ghost (novice DsFE)
  5452 | D:6      | Reached **** piety under Trog
  5617 | D:6      | Found Judghagru's Serpentskin Sales.
  5622 | D:6      | Reached XP level 9. HP: 82/82 MP: 8/8
  6284 | D:7      | Found a staircase to the Ecumenical Temple.
  6626 | D:7      | Noticed a two-headed ogre
  6628 | D:7      | Found a sacrificial altar of Ru.
  6638 | D:7      | Killed a two-headed ogre
  6639 | D:7      | Reached skill level 10 in Fighting
  6841 | D:7      | Found a white marble altar of Elyvilon.
  7002 | D:7      | Found a shimmering altar of Xom.
  7002 | D:7      | Found a burning altar of Makhleb.
  7209 | D:8      | Found a broken altar of Ashenzari.
  7272 | D:8      | You fall into a shaft and drop 1 floor!
  7356 | D:9      | Reached XP level 10. HP: 65/94 MP: 9/9
  7623 | D:9      | Noticed a two-headed ogre
  7634 | D:9      | Killed a two-headed ogre
  8013 | D:8      | Reached skill level 15 in Axes
  8155 | D:8      | Found a staircase to the Lair.
  9173 | D:8      | Found a glowing silver altar of Zin.
  9407 | Lair:1   | Entered Level 1 of the Lair of Beasts
  9574 | Lair:1   | Noticed a cane toad
  9590 | Lair:1   | Killed a cane toad
  9591 | Lair:1   | Reached XP level 11. HP: 89/104 MP: 10/10
  9749 | Lair:1   | Noticed an eight-headed hydra
  9762 | Lair:1   | Killed an eight-headed hydra
 11178 | Lair:1   | Found a stormy altar of Qazlal.
 11215 | Lair:1   | Reached skill level 5 in Armour
 12873 | Lair:2   | Reached skill level 5 in Dodging
 12949 | Lair:2   | Reached XP level 12. HP: 115/115 MP: 11/11
 13349 | Lair:3   | Found a staircase to the Snake Pit.
 13791 | Lair:3   | HP: 56/174 [poisoned by a water moccasin]
 13796 | Lair:3   | HP: 34/116 [poisoned by a water moccasin]
 13801 | Lair:3   | HP: 23/116 [water moccasin (3)]
 14701 | Lair:3   | Noticed a four-headed hydra
 14736 | Lair:3   | Killed a four-headed hydra
 15928 | Lair:4   | Identified the +0 leather armour of Daadon {Int+2}
 16143 | Lair:4   | Noticed an eight-headed hydra
 16173 | Lair:4   | Killed an eight-headed hydra
 16665 | Lair:4   | Reached skill level 15 in Fighting
 16665 | Lair:4   | Reached skill level 10 in Armour
 16758 | Lair:4   | Reached XP level 13. HP: 121/126 MP: 12/12
 16785 | Lair:4   | Found a staircase to the Shoals.
 17797 | Lair:4   | Identified the ring "Qilafoo" {rPois Will+ Str-4 Int+8}
 19783 | D:10     | Entered Level 10 of the Dungeon
 19830 | D:10     | Reached ***** piety under Trog
 19883 | D:10     | Noticed Psyche
 19920 | D:10     | Killed Psyche
 20085 | D:10     | Found a blossoming altar of Fedhas.
 21024 | D:11     | Reached skill level 10 in Dodging
 23131 | Lair:6   | Entered Level 6 of the Lair of Beasts
 23177 | Lair:5   | Reached XP level 14. HP: 136/138 MP: 13/13
 23182 | Lair:6   | Received a gift from Trog
 23582 | Lair:6   | Paralysed by a hornet for 2 turns
 23594 | Lair:6   | HP: 43/138 [dream sheep (21)]
 23600 | Lair:6   | HP: 37/138 [yak (11)]
 23603 | Lair:6   | HP: 16/138 [elephant (9)]
 23608 | Lair:6   | HP: 15/138 [death yak (7)]
 23612 | Lair:6   | HP: 7/138 [elephant (6)]
 23615 | Lair:6   | Slain by an elephant

Illustrated notes

Levels and vault maps discovered:
D:1:      grunt_arrival_lava_bath, layout_rooms, serial_shops,
          nicolae_shop_crystal, minmay_unequal
D:2:      wander_river, layout_basic, basic_altar, serial_shops, shop,
          minmay_tetromino_t4
D:3:      layout_loops_cross, lemuel_crystal_altar, chei_slow_surprise,
          dreamdust_ecumenical_altar_angels_and_demons
D:4:      layout_rooms, nicolae_sif_muna_condensation,
          yredelemnul_forgotten_temple_becter, gammafunk_ghost_nasty_kobolds,
          uniq_blork_the_orc, uniq_natasha
D:5:      layout_loops_corners, gammafunk_ghost_split
D:6:      layout_cave_pools, gammafunk_ghost_split, nrook_uturn, st_stairs_11,
          chequers_decorated_corner, serial_bayou_ford_a, minmay_crystal_water,
          guppyfry_shop_venom
D:7:      layout_rooms, grunt_temple_overflow_champion_of_chaos,
          nicolae_ru_awakened_eye, elyvilon_altar_1,
          minmay_temple_entry_crystal_x, grunt_decor_fettered,
          kennysheep_doodads, corner_web_ring, minivault_22
D:8:      layout_loops_corners, kennysheep_little_box,
          mainiacjoe_overflow_surrounded_room, erik_lair_island
D:9:      layout_loops_ring, grunt_ministairs_13, minmay_stone_trees_small
D:10:     layout_roguey, fedhas_bush_and_centaur_altar, uniq_psyche
D:11:     layout_loops_ring
D:12:     minmay_octagon_keep, layout_irregular_city, david_orc_2,
          kennysheep_island_fort
Lair:1:   layout_layer_cave, basic_altar, minivault_25,
          cheibrodos_lair_reptile_den, grunt_megastairs_1
Lair:2:   layout_roguey, grunt_megastairs_4
Lair:3:   layout_layer_cave, minmay_snake_entry_six_corridors
Lair:4:   onia_ninara_swampy_vault, layout_cave_pods, elwin_shoals_entry_rooms
Lair:5:   minmay_lair_oklob_tunnel, layout_regular_city, serial_bayou_shore_a
Lair:6:   gammafunk_lair_ancient_temple, layout_cave_pods, slime_altar_1,
          nicolae_lair_yak_garden

Skill      XL: |  1  2  3  4  5  6  7  8  9 10 11 12 13 |
---------------+----------------------------------------+-----
Axes           | 4 5 6 7 8 9 11 13 15 16 | 16.5
Fighting       | 4 5 6 7 8 10 11 13 15 16 | 16.4
Shields        | 1 3 4 |  4.0
Armour         | 6 10 12 | 12.3
Dodging        | 5 8 10 | 10.4

Action                   |  1- 3 |  4- 6 |  7- 9 | 10-12 | 13-15 || total
-------------------------+-------+-------+-------+-------+-------++-------
Melee: Hand axe          |    63 |    29 |       |       |       ||    92
       Headbutt          |    14 |    20 |    36 |   170 |   151 ||   391
       Whip              |       |    61 |   214 |   627 |   563 ||  1465
       Executioner's axe |       |       |       |       |     7 ||     7
Throw: Dart              |       |       |       |     8 |     3 ||    11
Invok: Berserk           |     1 |     4 |     5 |     7 |     4 ||    21
       Trog's Hand       |       |       |     1 |     7 |     2 ||    10
       Brothers in Arms  |       |       |       |     2 |       ||     2
Evoke: Wand              |       |       |     1 |    13 |       ||    14
  Use: Scroll            |       |       |     7 |     5 |     7 ||    19
       Potion            |       |       |       |     1 |     3 ||     4
Armor: Ring mail         |     9 |       |       |       |       ||     9
       Animal skin       |     1 |       |       |       |       ||     1
       Plate armour      |    13 |    55 |    90 |   194 |   261 ||   613
       Swamp dragon scal |       |       |       |       |    15 ||    15
Dodge: Dodged            |    29 |    31 |    46 |   162 |   313 ||   581
Block: Buckler           |       |       |    34 |    86 |   107 ||   227
